[ AOE2 MATCH · #468432466 ]
UnrankedRomans vs Persians
[ REPLAY ANALYSIS · EXTRACTED FROM THE RECORDED GAME ]
Feudal
12:32
Castle
21:44
Imperial
—
| APM avg | 21.5 |
| APM peak | 53 |
| eAPM avg | 13.1 |
| Villagers / military | 37 / 7 |
Focus
⚔️ 14.1% · 🌾 85.9%
Militia ×7
Feudal
14:53
Castle
22:35
Imperial
—
| APM avg | 32.2 |
| APM peak | 70 |
| eAPM avg | 10.2 |
| Villagers / military | 40 / 2 |
Focus
⚔️ 5.4% · 🌾 94.6%
Knight ×2
Feudal
9:44
Castle
—
Imperial
—
| APM avg | 38.8 |
| APM peak | 84 |
| eAPM avg | 14.1 |
| Villagers / military | 47 / 4 |
Focus
⚔️ 20.6% · 🌾 79.4%
Archer ×4
Feudal
10:48
Castle
22:35
Imperial
—
| APM avg | 54.5 |
| APM peak | 92 |
| eAPM avg | 14.4 |
| Villagers / military | 38 / 16 |
Focus
⚔️ 11.3% · 🌾 88.7%
Militia ×16
Match map
Initial resources + every placement click. Lines = walls · curves = elevation contours. ◆ gold · ⬟ stone · ● berries · ✦ relic · ◌ wall gap
Your base· Open — 5t gap
shevoadept's base· Open — unwalled flank
Rickorck's base· Open — unwalled flank
♕Shefik♕'s base· Open — unwalled flank
Smoothed initial terrain · ◌ = detected wall gap · hover for details
Inputs per minute
— MaStroem14 - - shevoadept
Build order — MaStroem14
91 actions detected in the replay
| 0:00 | Create | Villager (Male) |
| 0:01 | Create | Villager (Male) |
| 0:01 | Create | Villager (Male) |
| 0:01 | Create | Villager (Male) |
| 0:30 | Build | House |
| 0:33 | Build | House |
| 0:48 | Research | Loom |
| 0:49 | Create | Villager (Male) |
| 0:49 | Create | Villager (Male) |
| 1:11 | Create | Villager (Male) |
| 2:20 | Create | Villager (Male) |
| 2:24 | Create | Villager (Male) |
| 2:24 | Create | Villager (Male) |
| 2:45 | Build | Lumber Camp |
| 3:17 | Create | Villager (Male) |
| 3:17 | Create | Villager (Male) |
| 3:18 | Create | Villager (Male) |
| 3:57 | Build | House |
| 4:26 | Create | Villager (Male) |
| 4:34 | Create | Villager (Male) |
| 4:53 | Create | Villager (Male) |
| 5:04 | Create | Villager (Male) |
| 5:47 | Build | House |
| 5:56 | Build | Mill |
| 6:23 | Create | Villager (Male) |
| 6:23 | Create | Villager (Male) |
| 6:39 | Build | Mill |
| 7:57 | Create | Villager (Male) |
| 9:11 | Build | Town Center |
| 9:22 | Build | House |
| 10:22 | Research | Feudal Age |
| 10:37 | Build | Barracks |
| 10:49 | Build | House |
| 10:53 | Build | House |
| 11:01 | Build | House |
| 11:09 | Build | House |
| 11:38 | Build | Farm |
| 11:41 | Build | Farm |
| 12:18 | Build | Mill |
| 12:32 | Age | Feudal Age |
| 12:34 | Create | Militia |
| 12:34 | Create | Militia |
| 12:34 | Create | Militia |
| 12:47 | Build | Blacksmith |
| 13:39 | Create | Villager (Male) |
| 13:54 | Build | Farm |
| 13:54 | Build | Farm |
| 13:55 | Build | Farm |
| 14:53 | Create | Villager (Male) |
| 15:12 | Create | Villager (Male) |
| 15:23 | Create | Villager (Male) |
| 15:38 | Create | Villager (Male) |
| 15:43 | Build | House |
| 15:45 | Create | Villager (Male) |
| 15:49 | Build | House |
| 15:51 | Build | House |
| 16:03 | Create | Villager (Male) |
| 16:48 | Build | Farm |
| 16:48 | Build | Farm |
| 16:48 | Build | Farm |
| 16:49 | Build | Farm |
| 16:49 | Build | Farm |
| 16:49 | Build | Farm |
| 16:56 | Create | Villager (Male) |
| 17:11 | Create | Villager (Male) |
| 17:17 | Create | Villager (Male) |
| 17:44 | Build | Market |
| 17:45 | Create | Villager (Male) |
| 18:03 | Create | Villager (Male) |
| 18:25 | Create | Villager (Male) |
| 18:29 | Build | House |
| 18:52 | Research | Castle Age |
| 19:08 | Build | Farm |
| 19:32 | Build | Lumber Camp |
| 19:37 | Research | Horse Collar |
| 19:53 | Research | Man-at-Arms (upgrade) |
| 20:10 | Research | Scale Mail Armor |
| 20:41 | Create | Militia |
| 20:41 | Create | Militia |
| 20:41 | Create | Militia |
| 20:43 | Create | Militia |
| 20:50 | Build | House |
| 21:08 | Build | Barracks |
| 21:44 | Age | Castle Age |
| 21:50 | Create | Villager (Male) |
| 21:56 | Research | Chain Mail Armor |
| 22:19 | Research | Forging |
| 22:30 | Create | Villager (Male) |
| 22:58 | Create | Villager (Male) |
| 23:06 | Create | Villager (Male) |
| 23:19 | Research | Long Swordsman (upgrade) |
Build order — shevoadept
77 actions detected in the replay
| 0:01 | Create | Villager (Male) |
| 0:01 | Create | Villager (Male) |
| 0:01 | Create | Villager (Male) |
| 0:01 | Create | Villager (Male) |
| 0:04 | Build | House |
| 0:05 | Build | House |
| 0:55 | Create | Villager (Male) |
| 1:34 | Create | Villager (Male) |
| 1:39 | Build | Lumber Camp |
| 1:47 | Build | House |
| 2:13 | Create | Villager (Male) |
| 2:32 | Create | Villager (Male) |
| 3:12 | Create | Villager (Male) |
| 3:39 | Create | Villager (Male) |
| 3:57 | Create | Villager (Male) |
| 4:32 | Create | Villager (Male) |
| 4:32 | Research | Loom |
| 5:08 | Create | Villager (Male) |
| 5:51 | Build | Town Center |
| 5:56 | Build | Palisade Gate |
| 6:39 | Create | Villager (Male) |
| 6:41 | Create | Villager (Male) |
| 6:44 | Build | Mill |
| 7:14 | Build | House |
| 8:04 | Create | Villager (Male) |
| 8:39 | Create | Villager (Male) |
| 9:13 | Create | Villager (Male) |
| 9:21 | Build | House |
| 9:27 | Create | Villager (Male) |
| 9:42 | Create | Villager (Male) |
| 10:00 | Create | Villager (Male) |
| 10:32 | Create | Villager (Male) |
| 10:53 | Create | Villager (Male) |
| 11:08 | Create | Villager (Male) |
| 11:58 | Create | Villager (Male) |
| 12:49 | Research | Feudal Age |
| 14:07 | Build | House |
| 14:42 | Create | Villager (Male) |
| 14:53 | Age | Feudal Age |
| 14:58 | Build | Market |
| 15:01 | Create | Villager (Male) |
| 15:28 | Create | Villager (Male) |
| 15:37 | Build | House |
| 15:42 | Create | Villager (Male) |
| 16:17 | Create | Villager (Male) |
| 16:39 | Create | Villager (Male) |
| 16:39 | Create | Villager (Male) |
| 16:51 | Build | Barracks |
| 16:55 | Build | House |
| 17:17 | Create | Villager (Male) |
| 17:34 | Create | Villager (Male) |
| 17:38 | Create | Villager (Male) |
| 18:05 | Build | House |
| 18:08 | Build | House |
| 18:19 | Create | Villager (Male) |
| 18:45 | Create | Villager (Male) |
| 19:05 | Build | Farm |
| 19:09 | Build | Stable |
| 19:15 | Create | Villager (Male) |
| 20:04 | Build | Outpost |
| 20:10 | Research | Castle Age |
| 20:36 | Build | Mining Camp |
| 20:59 | Research | Double-Bit Axe |
| 21:16 | Build | Farm |
| 21:21 | Build | Farm |
| 21:46 | Build | Farm |
| 22:35 | Age | Castle Age |
| 22:42 | Build | Town Center |
| 22:57 | Create | Knight |
| 23:17 | Build | Watch Tower |
| 23:32 | Create | Villager (Male) |
| 23:43 | Create | Knight |
| 23:46 | Create | Villager (Male) |
| 23:49 | Build | Farm |
| 23:49 | Build | Farm |
| 23:50 | Build | Farm |
| 23:50 | Build | Farm |
Build order — Rickorck
115 actions detected in the replay
| 0:03 | Build | House |
| 0:04 | Build | House |
| 0:05 | Create | Villager (Male) ×4 |
| 1:30 | Create | Villager (Male) |
| 1:52 | Build | Lumber Camp |
| 2:03 | Create | Villager (Male) |
| 2:15 | Create | Villager (Male) |
| 2:57 | Create | Villager (Male) |
| 2:58 | Create | Villager (Male) |
| 3:28 | Create | Villager (Male) |
| 3:47 | Create | Villager (Male) |
| 3:47 | Create | Villager (Male) |
| 4:06 | Build | House |
| 4:29 | Build | Mill |
| 4:39 | Create | Villager (Male) |
| 4:55 | Create | Villager (Male) |
| 4:55 | Create | Villager (Male) |
| 5:03 | Create | Villager (Male) |
| 5:45 | Build | House |
| 5:51 | Create | Villager (Male) |
| 6:39 | Create | Villager (Male) |
| 6:40 | Create | Villager (Male) |
| 7:31 | Research | Feudal Age |
| 7:43 | Build | Mining Camp |
| 7:44 | Research | Loom |
| 8:28 | Create | Villager (Male) |
| 8:29 | Create | Villager (Male) |
| 9:36 | Build | House |
| 9:44 | Age | Feudal Age |
| 10:30 | Build | Watch Tower |
| 10:48 | Build | House |
| 10:53 | Create | Villager (Male) |
| 10:54 | Create | Villager (Male) |
| 11:11 | Research | Double-Bit Axe |
| 11:23 | Build | Palisade Wall |
| 11:24 | Build | Palisade Wall |
| 11:25 | Build | Palisade Wall |
| 11:26 | Build | Palisade Wall |
| 12:18 | Create | Villager (Male) |
| 12:18 | Create | Villager (Male) |
| 12:18 | Create | Villager (Male) |
| 12:19 | Create | Villager (Male) |
| 12:43 | Create | Villager (Male) |
| 12:43 | Create | Villager (Male) |
| 12:55 | Create | Villager (Male) |
| 13:27 | Create | Villager (Male) |
| 13:28 | Create | Villager (Male) |
| 13:30 | Build | Mining Camp |
| 13:36 | Build | Farm |
| 13:37 | Build | Farm |
| 13:40 | Build | Farm |
| 13:41 | Build | Farm |
| 13:41 | Build | Farm |
| 13:42 | Build | Farm |
| 13:42 | Build | Farm |
| 13:58 | Build | Watch Tower |
| 14:05 | Build | House |
| 14:10 | Build | Palisade Wall |
| 14:12 | Build | Palisade Wall |
| 14:16 | Build | Palisade Wall |
| 14:27 | Build | Palisade Wall |
| 14:31 | Build | Palisade Wall |
| 14:38 | Build | Farm |
| 14:58 | Build | House |
| 15:04 | Research | Wheelbarrow |
| 15:04 | Research | Town Watch |
| 15:15 | Build | Palisade Wall |
| 15:20 | Build | Palisade Wall |
| 15:25 | Build | Farm |
| 15:26 | Create | Villager (Male) |
| 15:26 | Create | Villager (Male) |
| 15:38 | Build | Palisade Wall |
| 15:43 | Create | Villager (Male) |
| 15:44 | Create | Villager (Male) |
| 15:52 | Build | Palisade Wall |
| 16:01 | Build | House |
| 16:06 | Build | House |
| 16:11 | Build | House |
| 16:13 | Build | Palisade Wall |
| 16:15 | Build | Palisade Wall |
| 16:23 | Build | Farm |
| 16:45 | Build | Palisade Wall |
| 16:52 | Create | Villager (Male) |
| 16:59 | Build | Blacksmith |
| 17:19 | Research | Town Watch |
| 17:28 | Build | Watch Tower |
| 17:41 | Create | Villager (Male) |
| 18:01 | Build | Palisade Wall |
| 18:04 | Build | Palisade Wall |
| 18:08 | Research | Fletching |
| 18:15 | Build | House |
| 18:47 | Build | Farm |
| 18:52 | Build | Farm |
| 19:04 | Create | Villager (Male) |
| 19:08 | Create | Villager (Male) |
| 19:28 | Build | Farm |
| 19:46 | Build | Barracks |
| 20:13 | Create | Villager (Male) |
| 20:29 | Build | Archery Range |
| 20:41 | Create | Villager (Male) |
| 20:42 | Create | Villager (Male) |
| 21:05 | Create | Archer |
| 21:07 | Create | Archer |
| 21:10 | Build | Farm |
| 21:11 | Build | Farm |
| 21:20 | Build | Farm |
| 21:30 | Build | House |
| 21:53 | Create | Archer |
| 21:58 | Build | House |
| 22:26 | Create | Villager (Male) |
| 22:27 | Create | Villager (Male) |
| 22:38 | Create | Villager (Male) |
| 22:39 | Create | Villager (Male) |
| 22:42 | Create | Archer |
| 23:04 | Build | Farm |
Build order — ♕Shefik♕
95 actions detected in the replay
| 0:00 | Create | Villager (Male) |
| 0:00 | Create | Villager (Male) |
| 0:02 | Build | House |
| 0:04 | Build | House |
| 0:09 | Create | Villager (Male) |
| 0:09 | Create | Villager (Male) |
| 1:27 | Create | Villager (Male) |
| 2:11 | Build | Lumber Camp |
| 2:12 | Create | Villager (Male) |
| 2:41 | Create | Villager (Male) |
| 2:56 | Create | Villager (Male) |
| 3:59 | Create | Villager (Male) |
| 4:00 | Create | Villager (Male) |
| 4:17 | Create | Villager (Male) |
| 4:23 | Create | Villager (Male) |
| 4:27 | Build | House |
| 4:39 | Create | Villager (Male) |
| 5:07 | Create | Villager (Male) |
| 5:14 | Create | Villager (Male) |
| 5:45 | Create | Villager (Male) |
| 6:15 | Create | Villager (Male) |
| 7:02 | Build | Mill |
| 7:23 | Research | Loom |
| 7:26 | Build | House |
| 7:28 | Create | Villager (Male) |
| 7:55 | Create | Villager (Male) |
| 8:14 | Create | Villager (Male) |
| 8:27 | Build | Barracks |
| 8:33 | Research | Feudal Age |
| 9:15 | Build | House |
| 9:19 | Create | Militia |
| 9:19 | Create | Militia |
| 9:31 | Build | Mining Camp |
| 9:37 | Create | Villager (Male) |
| 10:22 | Create | Villager (Male) |
| 10:23 | Create | Militia |
| 10:48 | Age | Feudal Age |
| 11:02 | Create | Militia |
| 11:13 | Create | Militia |
| 12:21 | Create | Villager (Male) |
| 12:23 | Build | Farm |
| 12:24 | Build | Farm |
| 12:25 | Create | Militia |
| 12:25 | Create | Militia |
| 12:29 | Build | House |
| 12:30 | Build | House |
| 12:58 | Create | Villager (Male) |
| 13:02 | Build | Farm |
| 13:02 | Build | Farm |
| 13:03 | Build | Farm |
| 13:03 | Build | Farm |
| 13:07 | Create | Villager (Male) |
| 13:10 | Research | Double-Bit Axe |
| 13:30 | Create | Villager (Male) |
| 13:32 | Build | Farm |
| 13:48 | Create | Militia |
| 14:12 | Create | Villager (Male) |
| 14:17 | Build | Farm |
| 14:17 | Build | Farm |
| 14:28 | Create | Villager (Male) |
| 14:58 | Create | Villager (Male) |
| 15:01 | Build | Farm |
| 15:02 | Build | Farm |
| 15:11 | Create | Villager (Male) |
| 15:23 | Build | House |
| 15:30 | Build | Farm |
| 15:57 | Build | Farm |
| 15:59 | Create | Villager (Male) |
| 16:07 | Build | Farm |
| 16:46 | Create | Villager (Male) |
| 17:25 | Create | Villager (Male) |
| 17:27 | Build | Farm |
| 17:33 | Build | Market |
| 17:33 | Create | Villager (Male) |
| 18:00 | Create | Villager (Male) |
| 18:33 | Build | Blacksmith |
| 18:40 | Research | Wheelbarrow |
| 19:12 | Build | Mining Camp |
| 19:30 | Research | Castle Age |
| 19:49 | Create | Militia |
| 19:50 | Create | Militia |
| 20:14 | Build | House |
| 20:15 | Build | House |
| 20:16 | Build | House |
| 20:52 | Create | Militia |
| 20:52 | Create | Militia |
| 21:56 | Create | Militia |
| 21:57 | Create | Militia |
| 22:35 | Age | Castle Age |
| 22:42 | Create | Militia |
| 22:43 | Create | Militia |
| 23:03 | Build | Krepost |
| 23:13 | Create | Villager (Male) |
| 23:59 | Create | Villager (Male) |
| 23:59 | Create | Villager (Male) |
Match timeline
| 8:27 | ♕Shefik♕ · first_building Barracks |
| 9:44 | Rickorck · age_up feudal |
| 10:37 | MaStroem14 · first_building Barracks |
| 10:48 | ♕Shefik♕ · age_up feudal |
| 11:23 | Rickorck · wall_segment Palisade Wall x1 |
| 11:24 | Rickorck · wall_segment Palisade Wall x1 |
| 11:25 | Rickorck · wall_segment Palisade Wall x1 |
| 11:26 | Rickorck · wall_segment Palisade Wall x1 |
| 12:32 | MaStroem14 · age_up feudal |
| 14:10 | Rickorck · wall_segment Palisade Wall x1 |
| 14:12 | Rickorck · wall_segment Palisade Wall x1 |
| 14:16 | Rickorck · wall_segment Palisade Wall x4 |
| 14:27 | Rickorck · wall_segment Palisade Wall x2 |
| 14:31 | Rickorck · wall_segment Palisade Wall x3 |
| 14:53 | shevoadept · age_up feudal |
| 15:15 | Rickorck · wall_segment Palisade Wall x1 |
| 15:20 | Rickorck · wall_segment Palisade Wall x1 |
| 15:38 | Rickorck · wall_segment Palisade Wall x6 |
| 15:52 | Rickorck · wall_segment Palisade Wall x3 |
| 16:13 | Rickorck · wall_segment Palisade Wall x1 |
| 16:15 | Rickorck · wall_segment Palisade Wall x1 |
| 16:45 | Rickorck · wall_segment Palisade Wall x4 |
| 16:51 | shevoadept · first_building Barracks |
| 17:15 | shevoadept · first_market_buy 100 food |
| 18:01 | Rickorck · wall_segment Palisade Wall x1 |
| 18:04 | Rickorck · wall_segment Palisade Wall x1 |
| 18:34 | MaStroem14 · first_market_buy 500 food |
| 18:36 | MaStroem14 · first_market_sell 100 wood |
| 19:09 | shevoadept · first_building Stable |
| 19:46 | Rickorck · first_building Barracks |
| 20:29 | Rickorck · first_building Archery Range |
| 21:44 | MaStroem14 · age_up castle |
| 22:35 | shevoadept · age_up castle |
| 22:35 | ♕Shefik♕ · age_up castle |
| 23:03 | ♕Shefik♕ · first_building Krepost |
| 23:42 | MaStroem14 · resign |
[ AI ANALYSIS · 1 CREDIT ]
What really happened in this match?
Wolo.gg analyzes every decision: build order, eco, micro, common mistakes by bracket. Personalized analysis on WhatsApp or Discord in 30 seconds.
Civ guide
Romans
Perfil
Jugador #5565129